 Dungeon Crawl Stone Soup version 0.29-a0-370-gb5314be063 (webtiles) character file.

Game seed: 17795084961471630950

2083 101zpm the Thaumaturge (level 9, 0/57 HPs)
             Began as a Djinni Fire Elementalist on May 2, 2022.
             Killed by an exploding water moccasin (9 damage)
             ... ignited by their inner flame
             ... on level 7 of the Dungeon.
             The game lasted 00:16:53 (10737 turns).

101zpm the Thaumaturge (Djinni Fire Elementalist)  Turns: 10737, Time: 00:16:53

Health: 0/57       AC:  4    Str:  7    XL:     9   Next: 51%
Gold:   437        EV: 13    Int: 22    God:
                   SH:  0    Dex: 13

rFire   + + .      SeeInvis .   x - staff of conjuration
rCold   x . .      Faith    .   (no shield)
rNeg    . . .      Spirit   .   a - +0 robe
rPois   ∞          Reflect  .   (no helmet)
rElec   .          Harm     .   y - +1 cloak
rCorr   .          Rampage  .   (no gloves)
Will    .....                   (boots unavailable)
Stlth   ++........              g - amulet of the acrobat
HPRegen 0.19/turn               (no ring)
MPRegen 0.00/turn               (no ring)

@: flying
A: sickness immunity, fire resistance 2, cold vulnerability 1, float, innate
caster, HP casting, extra vitality 1
a: no special abilities


You were on level 7 of the Dungeon.
You visited 1 branch of the dungeon, and saw 7 of its levels.

You collected 437 gold pieces.

Inventory:

Hand Weapons
 v - a +2 short sword of speed
Missiles
 F - a throwing net
Armour
 a - a +0 robe (worn)
 y - a +1 cloak (worn)
Magical Staves
 w - a staff of poison
 x - a staff of conjuration (weapon)
Jewellery
 g - an amulet of the acrobat (around neck)
 i - an amulet of reflection
 B - a ring of positive energy
 I - a +4 ring of evasion
Wands
 u - a wand of digging (3)
 A - a wand of polymorph (1)
 G - a wand of paralysis (9)
 H - a wand of flame (8)
Scrolls
 b - a scroll of immolation {unknown}
 c - 9 scrolls of identify {unknown}
 e - 7 scrolls of teleportation {unknown}
 h - 3 scrolls of blinking {unknown}
 k - 3 scrolls of amnesia {unknown}
 o - 5 scrolls of fear {unknown}
 q - a scroll of holy word {unknown}
 r - a scroll of magic mapping {unknown}
 C - a scroll of acquirement {unknown}
 D - a scroll of enchant armour {unknown}
 E - a scroll of torment {unknown}
Potions
 d - 4 potions of heal wounds {unknown}
 f - 4 potions of curing {unknown}
 j - a potion of flight {unknown}
 l - a potion of degeneration {unknown}
 m - 3 potions of brilliance {unknown}
 n - 2 potions of attraction {unknown}
 p - a potion of haste {unknown}
 s - a potion of magic {unknown}
 t - 3 potions of lignification {unknown}
 z - 2 potions of might {unknown}


   Skills:
 + Level 1.2 Fighting
 + Level 3.1 Dodging
 + Level 3.0 Stealth
 + Level 9.0 Spellcasting


You had 4 spell levels left.
You knew the following spells:

 Your Spells              Type           Power      Damage    Failure   Level
a - Foxfire               Conj/Fire      100%       2x1d9     1%          1
b - Scorch                Fire           100%       2d10      1%          2
c - Conjure Flame         Conj/Fire      66%        6-21      1%          3
d - Inner Flame           Hex/Fire       50%        N/A       1%          3
e - Flame Wave            Conj/Fire      66%        2d12      1%          4
f - Magic Dart            Conj           100%       1d8       1%          1
g - Corpse Rot            Necr/Air       100%       N/A       1%          2
h - Call Imp              Summ           50%        N/A       1%          2
i - Passage of Golubria   Tloc           50%        N/A       1%          4
Your spell library was empty.

Dungeon Overview and Level Annotations

Branches:
Dungeon (7/15)             Temple (0/1) D:5

Altars:
Kikubaaqudgha
Makhleb
Okawaru
Trog
Zin

Annotations:
D:5 2 runed translucent doors, feta's ghost, amateur BaIE


Innate Abilities, Weirdness & Mutations

You are immune to sickness and miasma.
You are immune to poison.
Your flesh is very heat resistant. (rF++)
You are vulnerable to cold. (rC-)
You float through the air rather than walking.
You learn spells naturally, not from books.
Your magical power is your life essence.
You have superior vitality. (+4 MHP)


Message History

Aim: a steam dragon (flame, moderately wounded, chance to affect: 93%)
The steam dragon is filled with an inner flame.
The steam dragon is engulfed in blazing flames.
Flame seeps out of the steam dragon.
You feel a surge of power!
You conjure some foxfire!
A jelly comes into view.
The steam dragon breathes steam at you. The ball of steam hits your foxfire.
Your foxfire resists.
The ball of steam misses you.
The jelly moves out of view.
You hear a croak.
Casting: Foxfire (safe; 1% risk of failure)
Confirm with . or Enter, or press ? or * to list all spells.
Aiming: Inner Flame (safe; 1% risk of failure)
Press: ? - help, Dir - move target, f - water moccasin
Aim: a water moccasin (ally target, chance to affect: 93%)
The water moccasin is filled with an inner flame.
The foxfire hits the water moccasin.
Flame seeps out of the water moccasin.
The water moccasin is lightly wounded.
The foxfire hits the water moccasin!
Flame seeps out of the water moccasin.
The water moccasin is moderately wounded.
The water moccasin is engulfed in blazing flames.
Flame seeps out of the water moccasin.
Casting: Inner Flame (safe; 1% risk of failure)
Confirm with . or Enter, or press ? or * to list all spells.
Flames lash the water moccasin.
Flame seeps out of the water moccasin.
The water moccasin is severely wounded.
The water moccasin's fire resistance burns away.
The water moccasin bites you.
Casting: Scorch (safe; 1% risk of failure)
Confirm with . or Enter, or press ? or * to list all spells.
Flames lash the steam dragon.
The steam dragon explodes!
The fiery explosion engulfs you! You resist.
* * * LOW HITPOINT WARNING * * *
The fiery explosion engulfs the water moccasin!!!
The water moccasin is burned terribly!
The water moccasin explodes!
The fiery explosion engulfs you! You resist.
You die...

[..>...#
......##
......J
/....
.§§J §§##
#§§# #@§#
#§..°....
#.☼○###..
##§.# §##
o☼ .○ #..


You could see an orc.

Vanquished Creatures
  Sigmund (D:3)
  A steam dragon (D:7)
  Edmund (D:5)
  A water moccasin (D:7)
  2 ice beasts (D:6)
  A black bear (D:6)
  A sky beast (D:6)
  2 phantoms
  A kobold brigand (D:4)
  2 bullfrogs
  A necrophage (D:5)
  3 wights
  A howler monkey (D:6)
  3 hounds
  A jelly (D:6)
  3 orc priests
  Crazy Yiuf (D:2)
  A gnoll shaman (D:6)
  5 iguanas
  4 orc wizards
  5 gnolls (D:6)
  11 adders
  A shadow imp (D:6)
  A white imp (D:6)
  2 ufetubi (D:5)
  3 worms
  5 dart slugs
  15 orcs
  5 endoplasms
  3 giant cockroaches
  2 goblins (D:1)
  7 hobgoblins
  6 jackals
  2 quokkas
  5 ball pythons
  2 bats (D:2)
  3 frilled lizards
  8 kobolds
  3 rats
125 creatures vanquished.

Vanquished Creatures (collateral kills)
  A bullfrog (D:6)
  3 foxfires (D:6)
4 creatures vanquished.

Vanquished Creatures (others)
  709 foxfires
  A plant (D:6)
710 creatures vanquished.

Grand Total: 839 creatures vanquished

Notes
Turn   | Place    | Note
-------+----------+-------------------------------------------
     0 | D:1      | 101zpm the Djinni Fire Elementalist began the quest for the
                  | Orb.
     0 | D:1      | Reached XP level 1. HP: 15/15 MP: 0/0
   460 | D:1      | Found a faded altar of an unknown god.
   881 | D:1      | Reached XP level 2. HP: 18/21 MP: 0/0
  1799 | D:2      | Reached skill level 3 in Spellcasting
  1818 | D:2      | Reached XP level 3. HP: 8/25 MP: 0/0
  1818 | D:2      | Learned a level 1 spell: Magic Dart
  2421 | D:2      | Reached XP level 4. HP: 27/31 MP: 0/0
  2977 | D:2      | Found a runed translucent door.
  2978 | D:2      | Noticed Crazy Yiuf
  4757 | D:4      | Noticed a kobold brigand
  4767 | D:4      | Killed a kobold brigand
  4768 | D:4      | Reached skill level 4 in Spellcasting
  4768 | D:4      | Reached XP level 5. HP: 16/35 MP: 0/0
  4768 | D:4      | Learned a level 2 spell: Corpse Rot
  4768 | D:4      | Reached XP level 6. HP: 18/40 MP: 0/0
  5167 | D:4      | Reached skill level 5 in Spellcasting
  5787 | D:5      | Entered Level 5 of the Dungeon
  5896 | D:6      | Reached XP level 7. HP: 30/46 MP: 0/0
  5896 | D:6      | Learned a level 2 spell: Call Imp
  5960 | D:6      | Reached skill level 6 in Spellcasting
  6268 | D:5      | Reached skill level 1 in Fighting
  6699 | D:3      | Reached XP level 8. HP: 46/52 MP: 0/0
  6990 | D:3      | Noticed Sigmund
  6995 | D:3      | Killed Sigmund
  7345 | D:3      | Found a glowing silver altar of Zin.
  7624 | D:2      | Killed Crazy Yiuf
  7625 | D:2      | Reached skill level 7 in Spellcasting
  8132 | D:5      | Found a runed translucent door.
  8132 | D:5      | Noticed feta's ghost (amateur BaIE)
  8413 | D:5      | Noticed Edmund
  8418 | D:5      | Killed Edmund
  8542 | D:5      | Found an iron altar of Okawaru.
  8669 | D:5      | Found a runed translucent door.
  9068 | D:5      | Found a staircase to the Ecumenical Temple.
  9298 | D:6      | Reached XP level 9. HP: 43/57 MP: 0/0
  9298 | D:6      | Learned a level 4 spell: Passage of Golubria
  9345 | D:6      | Reached skill level 8 in Spellcasting
 10397 | D:6      | Found a bloodstained altar of Trog.
 10399 | D:6      | Found a burning altar of Makhleb.
 10728 | D:7      | Reached skill level 9 in Spellcasting
 10737 | D:7      | Killed by an exploding water moccasin... ignited by their
                  | inner flame

Illustrated notes

Levels and vault maps discovered:
D:1:      dpeg_arrival_erosion, layout_basic, shapermc_ecumenical_altar_venn,
          minivault_24
D:2:      layout_rooms, uniq_crazy_yiuf_cottage
D:3:      layout_basic, zin_treasury, uniq_sigmund
D:4:      minmay_opposing_rooms, layout_gridville
D:5:      minmay_general_purpose_star, layout_loops_ring, lemuel_round_altar,
          minmay_temple_entry_fiery, ebering_ghost_sewer_f, uniq_edmund
D:6:      layout_layer_cave, minitemple, serial_bayou_crossing
D:7:      layout_cave_pools, nicolae_tso_swordbearing_angel, nzn_ghost_randoct

Skill      XL: |  1  2  3  4  5  6  7  8  9 |
---------------+----------------------------+-----
Spellcasting   | 3 4 5 6 7 9 |  9.0
Stealth        | 2 3 |  3.0
Fighting       | 1 |  1.2
Dodging        | 3 |  3.1

Action                   |  1- 3 |  4- 6 |  7- 9 || total
-------------------------+-------+-------+-------++-------
 Cast: Foxfire           |   105 |   156 |   169 ||   430
       Scorch            |     1 |    14 |    15 ||    30
       Inner Flame       |       |    13 |    63 ||    76
       Corpse Rot        |       |     1 |       ||     1
       Call Imp          |       |       |     3 ||     3
       Flame Wave        |       |       |     1 ||     1
       Passage of Golubr |       |       |     1 ||     1
Armor: Robe              |       |     1 |     6 ||     7
Dodge: Dodged            |       |     3 |     8 ||    11

Table legend: (Time is in decaauts)
 A = Elapsed time spent in this place.
 B = Non-inter-level travel time spent in this place.
 C = Inter-level travel time spent in this place.
 D = Time resting spent in this place.
 E = Time spent auto-exploring this place.
 F = Levels seen in this place.
 G = Mean time per level.
                   A        B        C        D        E       F      G
               +--------+--------+--------+--------+--------+-----+--------+
         Total |  10740 |  10215 |    525 |   1397 |   7940 |   7 | 1534.3 |
       Dungeon |  10740 |  10215 |    525 |   1397 |   7940 |   7 | 1534.3 |
               +--------+--------+--------+--------+--------+-----+--------+

Top non-repeatable levels by time:
     D:2: 2055 daAuts
     D:5: 1921 daAuts
     D:4: 1717 daAuts
     D:3: 1712 daAuts
     D:6: 1686 daAuts
     D:1: 1630 daAuts
     D:7: 16 daAuts
